 Dungeon Crawl Stone Soup version 0.30-a0-49-g1cef19eb02 (webtiles) character file.

Game seed: 4667876127860372012

1052 ytrimaz the Trooper (level 8, -4/68 HPs)
             Began as a Formicid Fighter on Sept 2, 2022.
             Slain by an orc warrior
             ... wielding a +0 dire flail
              (17 damage)
             ... on level 6 of the Dungeon.
             The game lasted 00:05:36 (4453 turns).

ytrimaz the Trooper (Formicid Fighter)              Turns: 4453, Time: 00:05:37

Health: -4/68      AC:  6    Str: 23    XL:     8   Next: 51%
Magic:  8/8        EV: 13    Int:  8    God:
Gold:   208        SH:  5    Dex: 13    Spells: 7/7 levels left

rFire   . . .      SeeInvis +    r - +1 flail (vorpal) {mace}
rCold   . . .      Faith    .    c - +0 buckler
rNeg    . . .      Spirit   .    b - +0 scale mail
rPois   .          Reflect  .    (helmet unavailable)
rElec   .          Harm     .    (no cloak)
rCorr   .          Rampage  .    (no gloves)
Will    .....                    (no boots)
Stlth   ..........               (no amulet)
HPRegen 0.21/turn                A - +4 ring of evasion
MPRegen 0.11/turn                i - +4 ring of slaying

@: no status effects
A: permanent stasis, dig shafts and tunnels, antennae 3, four strong arms
a: Dig, Shaft Self


You were on level 6 of the Dungeon.
You visited 2 branches of the dungeon, and saw 6 of its levels.

You collected 208 gold pieces.


Innate Abilities, Weirdness & Mutations

You cannot be hasted, slowed, berserked, paralysed or teleported.
You can dig through walls and to a lower floor.
You have a pair of large antennae on your head. (SInv)
Your four strong arms can wield two-handed weapons with a shield.


   Skills:
 + Level 7.8 Fighting
 - Level 3.3(5.1) Axes
 + Level 6.0(6.4) Maces & Flails
 - Level 3.2 Armour
 - Level 4.0 Shields


You had 7 spell levels left.
You didn't know any spells.
Your spell library contained the following spells:

 Spells                   Type           Power      Damage    Failure   Level
 Foxfire                  Conj/Fire      0%         2x1d4     80%         1
 Ensorcelled Hibernation  Hex/Ice        0%         N/A       90%         2
 Passwall                 Tmut/Erth      0%         N/A       90%         2
 Conjure Flame            Conj/Fire      0%         6-21      99%         3
 Inner Flame              Hex/Fire       0%         N/A       99%         3
 Flame Wave               Conj/Fire      0%         2d4       100%        4
 Swiftness                Air            Unusable   N/A       N/A         3

Inventory:

Hand Weapons
 a - a +0 war axe {axe}
 r - a +1 vorpal flail (weapon) {mace}
   (You took it off an orc on level 5 of the Dungeon)
 y - a +0 morningstar {mace}
   (You took it off an orc on level 6 of the Dungeon)
Missiles
 g - 36 stones {throwing}
 q - 2 boomerangs {throwing}
 s - a throwing net {=f!fthrowing}
 x - a curare-tipped dart {=fthrowing}
 z - 8 poisoned darts {throwing}
Armour
 b - a +0 scale mail (worn)
 c - a +0 buckler (worn)
Magical Staves
 j - a staff of air {!astaff}
   (You found it on level 2 of the Dungeon)
Jewellery
 h - a ring of protection from cold
   (You found it on level 1 of the Dungeon)
 i - a +4 ring of slaying (right hand)
   (You found it on level 1 of the Dungeon)
 A - a +4 ring of evasion (left hand)
   (You found it on level 6 of the Dungeon)
Scrolls
 l - a scroll of poison {!r}
 t - a scroll of blinking {!r}
 u - a scroll of fog {unknown}
 w - a scroll of identify {@r1}
Potions
 d - 2 potions of might
 e - a potion of degeneration {unknown}
 f - 2 potions of curing {@q1}
 k - a potion of cancellation {unknown}
 m - a potion of brilliance {unknown}
 n - 2 potions of haste {unknown}
 o - a potion of flight {unknown}
 p - 2 potions of lignification {unknown}
 v - a potion of resistance {unknown}
 B - a potion of mutation {unknown}

Dungeon Overview and Level Annotations

Branches:
Dungeon (6/15) Zot: 25699  Temple (1/1) D:5 Zot: 5778

Altars:
Ashenzari
Dithmenos
Elyvilon
Fedhas
Gozag
Hepliaklqana
Kikubaaqudgha
Makhleb
Nemelex Xobeh
Qazlal
Ru
Sif Muna
Trog
Uskayaw
Vehumet
Wu Jian
Xom
Zin
The Shining One

Shops:
D:2

(( # #. #.#
#.o##
##.o@##
#.....##
#......##
#.......##
##.......##
##
#..##....##
##. #..
###...##
##.. #.#
##...##
#... #.
##...##
#...


You could see an orc warrior and an orc.


Message History

The adder barely misses you.
You barely miss the adder. You block the adder's attack.
The adder closely misses you.
You barely miss the adder. You block the adder's attack.
The adder closely misses you. The adder bites you but does no damage.
The adder misses you.
You hit the adder. The adder bites you.
The adder bites you but does no damage. 😕 HP[-1]
You take 1 damage, and now have 67/68 hp.
You barely miss the adder. The adder closely misses you.
The adder bites you but does no damage. The adder closely misses you.
The adder barely misses you. 😎 HP[+1]
Your hp is fully restored (68).
You sock the adder!
You kill the adder!
The adder barely misses you.
Unknown command.
The adder barely misses you.
You closely miss the adder. The adder bites you.
The adder bites you but does no damage. 😕 HP[-1]
You take 1 damage, and now have 67/68 hp.
Unknown command.
You hit the adder. You block the adder's attack.
You miss the adder. You block the adder's attack.
The adder bites you but does no damage. 😎 HP[+1]
Your hp is fully restored (68).
Unknown command.
You barely miss the adder. The adder bites you but does no damage.
You hit the adder. You block the adder's attack. The adder barely misses you.
The adder bites you. 😕 HP[-1]
You take 1 damage, and now have 67/68 hp.
The adder attacks as you move away! The adder bites you but does no damage.
You see here 8 stones {throwing}. 😎 HP[+1]
Your hp is fully restored (68).
You closely miss the adder.
The adder bites you but does no damage. x2
You sock the adder!
You kill the adder!
g - 36 stones {throwing} (gained 8)
You see here an adder corpse.
A - a +4 ring of evasion You remove your ring of protection from cold.
A - a +4 ring of evasion (left hand) Unknown command.
B - a lumpy sapphire potion Key pressed, stopping explore.
Unknown command.
An orc comes into view. It is wielding a +0 hand axe.
The orc shouts!
An orc is nearby!
An orc is nearby!
An orc is nearby!
An orc warrior comes into view. It is wielding a +0 dire flail.
The orc warrior shouts!
The orc closely misses you.
You sock the orc!
You kill the orc!
An orc comes into view. It is wielding a +0 club.
The orc warrior closely misses you.
You see here a +0 hand axe {axe}.
You closely miss the orc warrior.
The orc warrior hits you with a +0 dire flail! x2 😮 HP[-27]
You take 27 damage, and now have 41/68 hp.
MASSIVE DAMAGE!! (PAUSE)
You are too injured to fight recklessly!
You closely miss the orc warrior. The orc warrior misses you.
You are too injured to fight recklessly!
You sock the orc warrior! You block the orc's attack.
The orc warrior barely misses you.
Unknown command.
You hit the orc warrior but do no damage.
The orc warrior hits you with a +0 dire flail!!
* * * LOW HITPOINT WARNING * * *
The orc hits you but does no damage. 😨 HP[-18]
You take 18 damage, and now have 23/68 hp.
MASSIVE DAMAGE!! (PAUSE)
You sock the orc warrior! The orc closely misses you.
The orc warrior hits you with a +0 dire flail!
* * * LOW HITPOINT WARNING * * *
😱 HP[-10]
You take 10 damage, and now have 13/68 hp.
You hit the orc warrior.
The orc warrior hits you with a +0 dire flail!
* * * LOW HITPOINT WARNING * * *
The orc closely misses you. 😱 HP[-11]
You take 11 damage, and now have 2/68 hp.
Unknown command.
You closely miss the orc warrior. You block the orc warrior's attack.
The orc barely misses you.
Unknown command.
It was a potion of curing.
You feel better.
The orc warrior hits you with a +0 dire flail!
You die...

Skill      XL: |  1  2  3  4  5  6  7  8 |
---------------+-------------------------+-----
Axes           | 3 |  3.3
Fighting       | 4 5 6 7 |  7.8
Maces & Flails | 1 3 5 6 |  6.0
Armour         | |  3.2
Shields        | |  4.0

Action                   |  1- 3 |  4- 6 |  7- 9 || total
-------------------------+-------+-------+-------++-------
Melee: War axe           |    75 |    90 |       ||   165
       Flail             |       |     4 |    68 ||    72
  Use: Scroll            |     2 |     3 |       ||     5
       Potion            |       |       |     1 ||     1
Armor: Scale mail        |    42 |    39 |    39 ||   120
Dodge: Dodged            |    45 |    38 |    48 ||   131
Block: Buckler           |    15 |    22 |    17 ||    54

Levels and vault maps discovered:
D:1:      dpeg_arrival_tiny_d, layout_basic, ebering_ecumenical_altar_petrified,
          nicolae_titane
D:2:      layout_basic, serial_shops, nicolae_shop_statue_plus, shop
D:4:      layout_basic, kennysheep_little_box, mainiacjoe_overflow_24_doors,
          minmay_circle_x
D:5:      layout_loops_cross, minmay_temple_entry_enclosed_plants
D:6:      layout_cave_pods, minmay_manual_maat, uniq_grinder
Temple:   bh_familiar_temple

Notes
Turn   | Place    | Note
-------+----------+-------------------------------------------
     0 | D:1      | ytrimaz the Formicid Fighter began the quest for the Orb.
     0 | D:1      | Reached XP level 1. HP: 18/18 MP: 1/1
     0 | D:1      | magus.rc [v1.9.6]
    98 | D:1      | You pick up a book of Flames and begin reading...
    98 | D:1      | You add the spells Foxfire, Conjure Flame, Inner Flame and
                  | Flame Wave to your library.
   116 | D:1      | Reached XP level 2. HP: 24/24 MP: 2/2
   159 | D:1      | Found a faded altar of an unknown god.
   435 | D:1      | Reached XP level 3. HP: 22/30 MP: 3/3
   515 | D:1      | Reached skill level 3 in Axes
   629 | D:1      | You pick up a book of Burglary and begin reading...
   629 | D:1      | You add the spells Passwall and Ensorcelled Hibernation to
                  | your library.
  1346 | D:2      | Found Pasmuq's Antique Weapon Shoppe.
  1378 | D:2      | Found Apnogoh's Weapon Boutique.
  1489 | D:2      | Reached skill level 4 in Fighting
  1489 | D:2      | Reached XP level 4. HP: 24/37 MP: 4/4
  1699 | D:2      | You fall into a shaft and drop 2 floors!
  1833 | D:4      | Reached skill level 1 in Maces & Flails
  2067 | D:4      | Reached XP level 5. HP: 30/43 MP: 5/5
  2077 | D:4      | Reached skill level 2 in Maces & Flails
  2311 | D:4      | Reached skill level 5 in Fighting
  2468 | D:4      | Found a burning altar of Makhleb.
  2598 | D:4      | Found a hide-covered altar of Uskayaw.
  2903 | D:5      | Entered Level 5 of the Dungeon
  2903 | D:5      | Noticed a phantom
  2903 | D:5      | Noticed a centaur
  2905 | D:5      | Killed a centaur
  2906 | D:5      | Reached skill level 3 in Maces & Flails
  2906 | D:5      | Reached XP level 6. HP: 51/51 MP: 6/6
  2982 | D:5      | Found a staircase to the Ecumenical Temple.
  3068 | Temple   | Entered the Ecumenical Temple
  3515 | D:5      | Reached skill level 6 in Fighting
  3515 | D:5      | Reached XP level 7. HP: 58/58 MP: 7/7
  3622 | D:5      | Reached skill level 4 in Maces & Flails
  4011 | D:5      | Reached skill level 7 in Fighting
  4011 | D:5      | Reached skill level 5 in Maces & Flails
  4011 | D:5      | Reached XP level 8. HP: 45/67 MP: 8/8
  4332 | D:6      | Reached skill level 6 in Maces & Flails
  4450 | D:6      | HP: 13/68 [orc warrior/+0 dire flail (10)]
  4451 | D:6      | HP: 2/68 [orc warrior/+0 dire flail (11)]
  4453 | D:6      | Slain by an orc warrior

Vanquished Creatures
  3 black bears
  A centaur (D:5)
  A phantom (D:5)
  A kobold brigand (D:6)
  A necrophage (D:5)
  A scorpion (D:5)
  A gnoll bouda (D:5)
  A jelly (D:4)
  An iguana (D:5)
  6 orc wizards
  5 adders
  5 gnolls (D:5)
  3 ufetubi
  A dart slug (D:4)
  3 worms
  11 orcs
  6 bats
  7 endoplasms
  4 giant cockroaches
  6 hobgoblins
  6 quokkas
  7 ball pythons
  3 frilled lizards
  4 goblins (D:1)
  7 kobolds
  3 rats
98 creatures vanquished.

Table legend:
 A = Non-vault XP
 B = Vault XP
 C = Vault XP percentage of total XP
 D = Non-vault monster count
 E = Vault monster count
 F = Vault count percentage of total count
                 A         B        C        D         E       F
            +---------+---------+-------+---------+---------+-------
      Total |    1491 |      13 |   0.9 |      91 |       7 |   7.1
            +---------+---------+-------+---------+---------+-------
        D:1 |      38 |       0 |   0.0 |      25 |       0 |   0.0
        D:2 |      31 |       0 |   0.0 |      14 |       0 |   0.0
        D:4 |     173 |      13 |   7.0 |      16 |       7 |  30.4
        D:5 |     883 |       0 |   0.0 |      25 |       0 |   0.0
        D:6 |     366 |       0 |   0.0 |      11 |       0 |   0.0
            +---------+---------+-------+---------+---------+-------

Illustrated notes

Table legend:
 A = Kills in this place as a percentage of kills in entire the game.
 B = Kills by you in this place as a percentage of kills by you in the entire game.
 C = Kills by friends in this place as a percentage of kills by friends in the entire game.
 D = Other kills in this place as a percentage of other kills in the entire game.
 E = Experience gained in this place as a percentage of experience gained in the entire game.
 F = Experience gained in this place divided by the number of levels of this place that you have seen.
                   A       B       C       D       E      F
               +-------+-------+-------+-------+-------+----------------------
         Total | 100.0 | 100.0 |   N/A |   N/A | 100.0 | 250.7
       Dungeon | 100.0 | 100.0 |   N/A |   N/A | 100.0 | 300.8
               +-------+-------+-------+-------+-------+----------------------

Table legend: (Time is in decaauts)
 A = Elapsed time spent in this place.
 B = Non-inter-level travel time spent in this place.
 C = Inter-level travel time spent in this place.
 D = Time resting spent in this place.
 E = Time spent auto-exploring this place.
 F = Levels seen in this place.
 G = Mean time per level.
                   A        B        C        D        E       F      G
               +--------+--------+--------+--------+--------+-----+--------+
         Total |   4521 |   4387 |    134 |      4 |   3675 |   6 |  753.5 |
       Dungeon |   4299 |   4195 |    104 |      4 |   3493 |   5 |  859.8 |
        Temple |    221 |    191 |     30 |      0 |    182 |   1 |  221.0 |
               +--------+--------+--------+--------+--------+-----+--------+

Top non-repeatable levels by time:
     D:4: 1225 daAuts
     D:5: 1191 daAuts
     D:1: 930 daAuts
     D:2: 796 daAuts
  Temple: 221 daAuts
     D:6: 155 daAuts
